 Dungeon Crawl Stone Soup version 0.16.1-5-gaa23807 (webtiles) character file.

691056 Chiseanne the Hoplite (level 27, -21/129 HPs)
             Began as a Vine Stalker Monk on Mar 28, 2015.
             Was a High Priest of the Shining One.
             Killed from afar by a Hell Sentinel (37 damage)
             ... with a blast of hellfire
             ... on level 7 of the Iron City of Dis.
             The game lasted 07:48:58 (79520 turns).

Chiseanne the Hoplite (Vine Stalker Monk)          Turns: 79520, Time: 07:48:59

Health: -21/129    AC: 35    Str: 23      XL:     27
Magic:  0/48       EV: 35    Int: 10      God:    the Shining One [*****.]
Gold:   1248       SH: 36    Dex: 32 (36) Spells: 13 memorised, 3 levels left

rFire  + . .     SeeInvis .       - Unarmed
rCold  + + .     Clarity  +     d - +0 ring mail "Ishrocie" {rPois MR- rCorr Dex+3 Stlth-}
rNeg   + + +     SustAb   .     q - +5 shield {reflect} {Donald}
rPois  +         Gourm    .     C - +3 hat of Sunlight {rPois rC++ rN+ Str+3}
rElec  +         Spirit   +     A - +2 cloak "Frac Cha" {Dex+6}
rCorr  +         Warding  +     m - +2 pair of gloves {Dex+3} (curse)
rMut   .         Stasis   .     U - +2 pair of boots of the Assassin {Stlth++} (curse)
MR     +++..                    H - amulet of warding (curse)
Stlth  ++........               z - ring "Shaj" {rElec rF+ MP+9 Dex+3 Slay+3}
                                l - +6 ring of protection

@: divine shield, about to teleport, glowing, extremely resistant to hostile
enchantments, unstealthy
A: claws 1, fangs 3, talons 1, rough black scales 1, blurry vision 1, clarity,
frail 1, magic resistance 1, regeneration 3, weak 1, magic shield, antimagic
bite, no device heal 3, rot immunity, MP-powered wands 1
a: Divine Shield, Cleansing Flame, Summon Divine Warrior, Renounce Religion
}: 4/15 runes: barnacled, slimy, silver, gossamer


You were on level 7 of the Iron City of Dis.
You worshipped the Shining One.
The Shining One was extremely pleased with you.
You were not hungry.

You visited 14 branches of the dungeon, and saw 73 of its levels.
You also visited: Trove, Sewer and Wizlab.

You collected 32154 gold pieces.
You spent 19245 gold pieces at shops.
You paid 11661 gold pieces to Gozag.

Inventory:

Hand weapons
 a - the cursed +15 lance "Wyrmbane" {slay drac, +Rage rPois rF+ AC+5}
   (You took it off an orc wizard on level 4 of the Orcish Mines)

   It affects your AC (+5).
   It protects you from fire.
   It protects you from poison.
   It lets you go berserk.
   It has a curse placed upon it.
Missiles
 V - a throwing net (quivered)
Armour
 d - the +0 ring mail "Ishrocie" (worn) {rPois MR- rCorr Dex+3 Stlth-}
   (You found it on level 7 of the Lair of Beasts)

   It affects your dexterity (+3).
   It protects you from poison.
   It affects your resistance to hostile enchantments.
   It protects you from acid and corrosion.
   It makes you less stealthy.
 m - a cursed +2 pair of gloves of dexterity (worn)
 q - a +5 shield of reflection (worn) {Donald}
 A - the +2 cloak "Frac Cha" (worn) {Dex+6}
   (You found it in a wizard's laboratory)

   It affects your dexterity (+6).
 C - the +3 hat of Sunlight (worn) {rPois rC++ rN+ Str+3}
   (You found it on level 5 of the Vaults)

   It affects your strength (+3).
   It greatly protects you from cold.
   It protects you from poison.
   It protects you from negative energy.
 U - the cursed +2 pair of boots of the Assassin (worn) {Stlth++}
   (You bought it in a shop on level 3 of the Vaults)

   It makes you much more stealthy.
   It has a curse placed upon it.
Rods
 v - a +2 rod of ignition (14/14)
   (You took it off a minotaur on level 2 of the Depths)
Jewellery
 l - a +6 ring of protection (left hand)
 w - an uncursed ring of flight
 z - the ring "Shaj" (right hand) {rElec rF+ MP+9 Dex+3 Slay+3}
   (You took it off a deep elf annihilator on level 3 of the Elven Halls)

   [ring of dexterity]

   It affects your dexterity (+3).
   It affects your accuracy and damage with ranged weapons and melee attacks
   (+3).
   It protects you from fire.
   It insulates you from electricity.
   It affects your magic capacity (+9).
 D - an uncursed amulet of regeneration
 E - the ring "Twealiem" {SustAb MR+}
   (You found it in a treasure trove)

   [ring of sustain abilities]

   It sustains your strength, intelligence and dexterity.
   It affects your resistance to hostile enchantments.
 H - a cursed amulet of warding (around neck)
 K - an uncursed amulet of resist mutation
 W - the ring of the Magpie {-Tele rF+ Str+4 Slay+5}
   (You bought it in a shop on level 2 of the Vaults)

   [ring of protection from fire]

   It affects your strength (+4).
   It affects your accuracy and damage with ranged weapons and melee attacks
   (+5).
   It protects you from fire.
   It prevents most forms of teleportation.
 Y - the ring "Ghodyno" {rPois Int-2 Dex+2 SInv}
   (You bought it in a shop on level 2 of the Vaults)

   [ring of see invisible]

   It affects your intelligence (-2).
   It affects your dexterity (+2).
   It protects you from poison.
   It enhances your eyesight.
 Z - the ring "Secvak" {+cTele rF++}
   (You found it in a wizard's laboratory)

   [ring of teleport control]

   It can be evoked for teleport control.
   It greatly protects you from fire.
Magical devices
 c - a wand of digging (14)
 i - a wand of digging (19)
 J - a wand of teleportation (2)
 O - a wand of teleportation (9)
Scrolls
 e - 22 scrolls of remove curse
 p - 8 scrolls of teleportation
 x - 9 scrolls of recharging
 B - a scroll of magic mapping
 F - 12 scrolls of immolation
 L - a scroll of fog
 T - 3 scrolls of silence
 X - 14 scrolls of identify
Potions
 f - 11 potions of restore abilities
 h - 3 potions of flight
 o - 7 potions of ambrosia
 r - 22 potions of curing
 s - a potion of mutation
 u - 8 potions of cancellation
 Q - 2 potions of cure mutation
Miscellaneous
 n - a disc of storms
Comestibles
 b - 9 bread rations
 g - 12 meat rations


   Skills:
 - Level 15.1 Fighting
 - Level 22.2 Armour
 * Level 20.5 Dodging
 - Level 2.4 Stealth
 * Level 22.3 Shields
 - Level 18.1 Unarmed Combat
 - Level 3.1 Spellcasting
 - Level 13.2 Invocations
 - Level 6.3 Evocations


You had 3 spell levels left.
You knew the following spells:

 Your Spells              Type           Power        Failure   Level  Hunger
a - Apportation           Tloc           #.........   38%         1    #......
b - Infusion              Chrm           #.....       38%         1    #......
c - Blink                 Tloc           N/A          63%         2    ###....
d - Shroud of Golubria    Chrm/Tloc      #.........   63%         2    ###....
e - Song of Slaying       Chrm           #.......     63%         2    ###....
f - Stoneskin             Trmt/Erth      #.......     63%         2    ###....
g - Swiftness             Chrm/Air       #.......     63%         2    ###....
h - Passwall              Trmt/Erth      #.........   93%         3    ###....
i - Inner Flame           Hex/Fire       #.......     93%         3    ###....
j - Cure Poison           Pois           #.........   63%         2    ###....
k - Repel Missiles        Chrm/Air       #.....       63%         2    ###....
l - Flight                Chrm/Air       #.........   93%         3    ###....
m - Control Teleport      Chrm/Tloc      #.........   100%        4    #####..


Dungeon Overview and Level Annotations

Branches:
Dungeon (15/15)            Temple (1/1) D:7            Lair (8/8) D:10
 Shoals (5/5) Lair:3       Spider (5/5) Lair:3        Slime (6/6) Lair:8
    Orc (4/4) D:12            Elf (3/3) Orc:3        Vaults (5/5) D:13
  Crypt (3/3) Vaults:3       Tomb (0/3) Crypt:3      Depths (5/5) D:15
   Hell (1/1)                 Dis (7/7) Hell            Geh (0/7) Hell
    Coc (0/7) Hell            Tar (0/7) Hell            Zot (5/5) Depths:5

Altars:
Ashenzari
Cheibriados
Dithmenos
Elyvilon
Fedhas
Gozag
Kikubaaqudgha
Makhleb
Nemelex Xobeh
Okawaru
Qazlal
Ru
Sif Muna
Trog
Vehumet
Xom
Yredelemnul
Zin
The Shining One
Beogh
Jiyva
Lugonu

Shops:
D:10 [   D:11 [   Orc:2 *   Orc:3 (   Orc:4 !}?!   Elf:2 [   Lair:1 [
Vaults:1 [   Vaults:2 =   Vaults:3 [   Vaults:4 !   Depths:1 [   Depths:2 =
Depths:3 [   Depths:4 =

Portals:
Hell: Depths:1 Depths:2 Depths:3 Depths:4 Depths:5
Abyss: Depths:1 Depths:4 Depths:5
Pandemonium: Depths:3 Depths:5
Ziggurat: Depths:2

Annotations:
Lair:7 exclusion: oklob plant
Elf:2 5 runed doors
Dis:7 Dispater


Innate Abilities, Weirdness & Mutations

You have razor-sharp teeth.
You regenerate.
When hurt, damage is shared between your health and your magic reserves.
Your bite disrupts and absorbs the magic of your enemies.
Potions and wands cannot restore your health.
You are immune to rotting.
You have sharp fingernails.
You have sharp toenails.
You are partially covered in rough black scales (AC +4, Dex -1).
Scrolls take you a little longer to read.
You possess an exceptional clarity of mind.
You are frail (-10% HP).
You are resistant to hostile enchantments.
You are weak. (Str -2)
You expend magic power (3 MP) to slightly strengthen your wands.


Message History

* * * LOW HITPOINT WARNING * * *
A Hell Sentinel comes into view.
Read which item? (? for menu, Esc to quit)
Okay, then.
The Hell Sentinel gestures at you.
The hellfire explodes!
The blast of hellfire engulfs you! The Shining One protects you from harm!
The blast of hellfire engulfs the Hell Sentinel.
The Hell Sentinel completely resists.
You block the Hell Sentinel's attack. You block the Hell Sentinel's attack.
Something shouts, "Tremble, thou pecksniffian moon-mazed pignut!"
A tormentor comes into view.
Gozag incites the tormentor against you.
The tormentor seems to grow stronger.
You hit the Hell Sentinel!
You bite the Hell Sentinel, but do no damage.
The Hell Sentinel is lightly wounded.
The Hell Sentinel gestures at you.
The hellfire explodes!
The blast of hellfire engulfs you!
You die...

#...........#*##,,,,,.....,......
...............,,,,,,....,,......
##..##..##..##..**,,*#,,**,.##...
*############**#*************###*
*************###**###************
**,,**,,*,,,##..##..#,,,,,,*,,,,*
,,,,,,,,*,,,#.......#,,,,,,*,,,,*
,,,,,,,,*,,,#.......#,,,,,,**+***
****,,,,**+*#...@...#,,,,,,*,,,,*
,,,*,,,,.........11.#{,,,,,*,,,,,
,,,*,*,,,...........#**+****,,,,,
,,,+,,,,,21..........2,,,,,,,,,**
,,,+,,,,,.##+####.......,,,,,,,*,
,,,*,*,,,,*,,,,,#......≈≈≈,,,,,*,
,,,*,,,,,,*,,,,,#.....≈≈≈≈≈,*+**,
****,,***+*,,,,,##+##.≈≈≈≈≈,*,,*,
,,,,,,*,,,*,,,,,*,,,*,≈≈≈≈≈,*,,*,


You could see 3 Hell Sentinels and 2 tormentors.

Vanquished Creatures
  the Serpent of Hell (Dis:7)
  the royal jelly (Slime:6)
  An orb of fire (Zot:2)
  Mara (twice) (Depths:4)
  2 ancient liches
  Boris (twice) (Vaults:2 Vaults:3)
  Sojobo (Vaults:3)
  Margery (Vaults:4)
  Norris (Depths:3)
  Saint Roka (Vaults:3)
  A curse toe (Zot:2)
  6 golden dragons
  Geryon (Hell)
  3 bone dragons
  the Enchantress (Depths:1)
  2 electric golems (Zot:1)
  2 Brimstone Fiends (Dis:7)
  9 liches
  7 Hell Sentinels (Dis:7)
  21 tentacled monstrosities
  2 Ice Fiends
  A titan (Depths:2)
  A shard shrike skeleton (Crypt:2)
  2 quicksilver dragons
  4 deep elf blademasters
  17 acid blobs
  5 sphinxes
  6 ancient champions
  3 octopode crushers
  2 tentacled starspawn (WizLab)
  An eldritch tentacle (WizLab)
  Rupert (Elf:1)
  Agnes (Crypt:3)
  An Executioner (Dis:7)
  6 tengu reavers
  Kirke (Elf:3)
  5 shadow dragons
  11 azure jellies
  5 revenants
  14 storm dragons
  3 draconian monks
  11 fire giants
  Donald (D:13)
  17 vault wardens
  12 deep elf sorcerers
  2 balrugs
  Aizul (Spider:5)
  Louise (Spider:5)
  3 draconian scorchers
  20 frost giants
  12 iron dragons
  A curse skull (Crypt:2)
  4 draconian zealots
  5 emperor scorpions
  2 caustic shrike zombies (Depths:4)
  9 cacodemons (Dis:7)
  7 ghouls
  An orc warlord (Orc:4)
  7 ghost moths
  Jorgrun (Depths:3)
  3 draconian annihilators
  15 ironheart preservers
  20 reapers
  4 spriggan defenders
  5 draconian shifters
  21 very ugly things
  21 stone giants
  2 draconian callers
  3 green draconians
  9 war gargoyles
  6 grey draconians
  5 dire elephants
  8 deep elf demonologists
  5 black draconians
  5 vampire knights
  16 deep elf annihilators
  5 pale draconians
  3 white draconians
  4 salamander firebrands
  5 purple draconians
  5 yellow draconians
  4 red draconians
  4 mottled draconians
  An unborn (Crypt:1)
  4 merfolk javelineers
  15 ettins
  Snorg (Elf:3)
  11 deep elf death magi
  3 crystal guardians (Crypt:3)
  A jiangshi (Crypt:2)
  A minotaur (Depths:2)
  9 deep elf high priests
  2 green deaths (Dis:7)
  3 eidola (Crypt:1)
  6 merfolk impalers
  17 fire dragons
  29 vault guards
  10 death oozes
  A quicksilver dragon zombie (Dis:7)
  21 yaktaur captains
  9 death cobs
  8 rakshasas
  Fannar (Lair:6)
  9 hydras
  11 great orbs of eyes
  12 ogre magi
  5 spriggan air magi
  Nessos (Elf:1)
  15 ice dragons
  Erica (Lair:2)
  10 centaur warriors
  9 deep troll earth magi
  2 death knights (Crypt:2)
  6 tengu warriors
  10 dancing weapons
  4 titan zombies
  13 deep troll shamans
  3 vampire magi
  10 death yaks
  A thrashing horror (WizLab)
  7 spriggan berserkers
  The ghost of wanderer1 the Fighter, an experienced GrMo of Okawaru (D:9)
  6 orc high priests (Orc:4)
  7 hell hogs
  6 sun demons
  Nergalle (Orc:4)
  3 fire crabs
  11 soul eaters
  2 storm dragon zombies
  16 deep elf knights
  An iron golem (Dis:3)
  A titan skeleton (Crypt:3)
  31 hell knights
  13 iron trolls
  An unseen horror (shapeshifter) (Vaults:3)
  A swamp dragon (shapeshifter) (Vaults:5)
  56 skeletal warriors
  4 shadow wraiths
  4 salamander mystics (Depths:2)
  4 anaconda zombies
  A sea snake (Shoals:4)
  Erolcha (D:12)
  16 hill giants
  7 deep elf summoners
  2 golden dragon zombies
  5 unseen horrors
  4 giant orange brains
  2 shadow demons
  An ice devil (Hell)
  A ghost moth zombie (Crypt:3)
  5 ice statues
  24 deep trolls
  5 flayed ghosts
  3 harpies
  An obsidian statue (WizLab)
  6 wizards
  3 shadow dragon zombies
  A gelid demonspawn (Depths:5)
  A putrid demonspawn (Depths:5)
  An anaconda skeleton (Hell)
  14 orc knights
  12 ironbrand convokers
  21 deep elf conjurers
  2 shadow dragon skeletons
  30 wolf spiders
  A cyclops (shapeshifter) (Vaults:5)
  10 cyclopes
  A harpy (shapeshifter) (Depths:5)
  An iron dragon zombie (Dis:7)
  10 orc sorcerers
  4 shining eyes
  3 frost giant zombies
  10 griffons
  11 orb spiders
  4 salamanders
  19 necromancers
  11 manticores
  2 sixfirhies
  9 phantasmal warriors
  49 ugly things
  4 fire giant zombies
  A faun (shapeshifter) (Depths:2)
  A water nymph (Shoals:2)
  2 frost giant skeletons
  A smoke demon (WizLab)
  A stone giant skeleton (Dis:1)
  A moth of wrath (shapeshifter) (Vaults:5)
  2 shock serpent zombies (Dis:7)
  3 dire elephant zombies (Dis:7)
  15 hornets
  Maurice (D:8)
  14 vault sentinels
  4 centaur zombies
  12 moths of wrath
  5 black mambas
  2 sirens (Shoals:5)
  Joseph (D:7)
  An octopode (shapeshifter) (Vaults:1)
  6 eyes of devastation
  A worldbinder (WizLab)
  4 elephants
  3 orange demons (Hell)
  7 torpor snails
  10 rust devils
  A queen ant (Lair:6)
  2 kobold demonologists (D:15)
  An alligator snapping turtle zombie (Crypt:2)
  14 tormentors
  A komodo dragon (shapeshifter) (Vaults:4)
  6 tengu conjurers
  13 spiny frogs
  9 demonic crawlers
  4 red devils
  7 komodo dragons
  A spriggan druid (Lair:8)
  4 fire drakes
  A hellwing (Elf:3)
  A harpy zombie (Dis:6)
  5 freezing wraiths
  44 yaktaurs
  20 deep elf priests
  5 blue devils
  A queen bee (Depths:2)
  A hydra zombie (Dis:1)
  27 jumping spiders
  A death yak skeleton (Crypt:2)
  4 hellions
  3 jumping spiders (shapeshifter)
  7 trolls
  2 silent spectres
  3 snapping turtles
  An elf skeleton (Depths:4)
  A polar bear (shapeshifter) (Vaults:4)
  Sonja (D:14)
  5 merfolk
  2 wind drakes
  A boulder beetle (shapeshifter) (Vaults:5)
  6 polar bears
  Prince Ribbit (D:8)
  22 two-headed ogres
  2 alligator zombies (Hell)
  3 boulder beetles
  2 bog bodies
  A fire dragon zombie (Dis:7)
  3 ice dragon zombies
  31 deep elf magi
  A raiju (shapeshifter) (Vaults:1)
  12 ravens
  A raven (shapeshifter) (Vaults:5)
  107 slime creatures
  A baby alligator (shapeshifter) (D:15)
  13 blink frogs
  4 ettin zombies
  4 basilisks
  3 tengu simulacra
  A black mamba zombie (Dis:7)
  A basilisk (shapeshifter) (Vaults:4)
  2 centaur simulacra (D:15)
  31 tarantellas
  10 wraiths
  35 flying skulls
  12 trapdoor spiders
  A redback (shapeshifter) (Vaults:5)
  16 humans (D:13)
  6 air elementals
  4 hogs (Elf:3)
  4 shadows
  13 spriggans
  18 water elementals
  2 alligator skeletons
  3 hogs (shapeshifter)
  37 redbacks
  10 hippogriffs
  4 vampires
  7 golden eyes
  32 deep elf fighters
  A chaos spawn (Vaults:3)
  A hippogriff (shapeshifter) (Vaults:2)
  A neqoxec (Elf:3)
  28 wolves
  A steam dragon (D:12)
  A harpy simulacrum (D:15)
  A hungry ghost (D:14)
  A spatial vortex (WizLab)
  4 wyverns
  2 mottled dragons
  8 wargs
  40 yaks
  Edmund (D:6)
  A yaktaur simulacrum (Vaults:3)
  A hill giant skeleton (Crypt:1)
  An infernal demonspawn zombie (Crypt:1)
  An insubstantial wisp (WizLab)
  18 water moccasins
  16 hell hounds
  A merfolk zombie (Dis:7)
  A spiny frog zombie (Dis:5)
  A hydra simulacrum (Hell)
  8 soldier ants
  7 porcupines
  A water nymph skeleton (Crypt:2)
  A dwarf (shapeshifter) (Depths:1)
  A mottled dragon (shapeshifter) (D:13)
  11 vampire mosquitoes
  A sky beast (D:6)
  An alligator simulacrum (Hell)
  47 ogres
  26 spiders
  A spiny frog skeleton (Crypt:3)
  15 ice beasts
  3 phantoms
  12 black bears
  An ice beast (shapeshifter) (Depths:2)
  5 wasps
  A snapping turtle zombie (Hell)
  14 eyes of draining
  66 orc warriors
  2 boggarts (Vaults:3)
  A boring beetle (shapeshifter) (Depths:3)
  14 crocodiles
  2 boring beetles (Lair:7)
  A snapping turtle skeleton (Crypt:1)
  2 swamp dragon skeletons
  9 centaurs
  2 brain worms (D:13)
  8 necrophages
  Sigmund (D:4)
  A manticore skeleton (Dis:6)
  An octopode zombie (Crypt:1)
  A lost soul (Crypt:3)
  A komodo dragon zombie (Crypt:2)
  Blork the orc (Orc:1)
  14 giant frogs
  5 big kobolds
  A spiny frog simulacrum (Hell)
  A wyvern zombie (D:13)
  A wyvern skeleton (D:14)
  A yak zombie (Crypt:1)
  13 wights
  32 killer bees
  7 scorpions
  8 electric eels
  A quasit (D:13)
  11 crimson imps
  A goliath beetle (shapeshifter) (Depths:1)
  A goliath beetle (D:6)
  15 hounds
  A giant frog zombie (D:5)
  A human zombie (Crypt:3)
  28 jellies
  10 iron imps
  44 orc priests
  26 worker ants
  5 centaur skeletons
  32 orc wizards
  A human skeleton (Crypt:3)
  Natasha (D:3)
  5 hell rats (Hell)
  10 iguanas
  An ogre zombie (Crypt:1)
  A big kobold zombie (Crypt:2)
  A sky beast zombie (Crypt:1)
  22 sheep
  6 mummies
  27 adders
  53 river rats
  3 shadow imps
  5 white imps
  3 giant mites
  4 worms
  2 ufetubi (D:15)
  A giant eyeball (Depths:1)
  An adder zombie (D:4)
  10 giant geckos
  6 oozes
  305 orcs
  16 bats
  A bat zombie (D:6)
  6 giant cockroaches
  A gnoll zombie (Crypt:1)
  25 goblins
  24 hobgoblins
  14 jackals
  49 kobolds
  13 quokkas
  14 ball pythons
  A giant cockroach zombie (D:5)
  8 giant newts
  3 giant spores
  A goblin skeleton (Crypt:2)
  A hobgoblin zombie (Crypt:2)
  A jackal skeleton (D:6)
  A jackal zombie (D:5)
  A kobold zombie (Dis:1)
  38 rats
  18 ballistomycetes
  6 bushes (Depths:5)
  2 butterflies (Lair:6)
  3 fungi
  11 plants
  A starspawn tentacle (WizLab)
3371 creatures vanquished.

Vanquished Creatures (collateral kills)
  A vault guard (Vaults:5)
  A blizzard demon (Dis:7)
  2 great orbs of eyes (Slime:6)
  An ogre mage (Vaults:5)
  A hell knight (Depths:2)
  An iron troll (Depths:5)
  A giant orange brain (Slime:5)
  A harpy (Shoals:2)
  A siren (Shoals:2)
  An eye of devastation (Slime:6)
  2 yaktaurs (Vaults:3)
  A spriggan druid (Lair:8)
  2 slime creatures (Slime:5)
  A redback (Lair:8)
  2 spriggans (Lair:8)
  3 wolves (Lair:8)
  An orc warrior (Vaults:3)
  A wasp (Lair:8)
  2 eyes of draining
  4 jellies (Slime:5)
  An orc wizard (Vaults:3)
  An orc (Vaults:3)
  A fungus (Elf:3)
33 creatures vanquished.

Vanquished Creatures (others)
  the royal jelly (Slime:6)
  A deep elf master archer (Elf:3)
  A Shadow Fiend (Dis:7)
  A tengu reaver (Vaults:5)
  3 daevas (Dis:7)
  An emperor scorpion (Depths:2)
  3 angels (Dis:7)
  An ironheart preserver (Vaults:1)
  2 stone giants
  A very ugly thing (Vaults:5)
  A merfolk javelineer (Depths:5)
  A death ooze (Slime:6)
  2 yaktaur captains
  2 deep elf high priests (Elf:3)
  A centaur warrior (D:14)
  A deep elf knight (Elf:1)
  An orc knight (Vaults:2)
  A spiny frog (Lair:8)
  3 air elementals
  15 yaktaurs
  2 water elementals
  4 fire elementals
  A ynoxinul (WizLab)
  6 trapdoor spiders
  A human (Elf:3)
  A chaos spawn (Zot:4)
  A hippogriff (Lair:8)
  4 chimeras
  A water moccasin (Lair:8)
  12 spiders
  8 lost souls
  A boggart (Vaults:3)
  3 orc wizards
  An adder (Lair:8)
  3 giant mites
  5 orcs
  2 giant spores
  4 bushes (Depths:5)
  1952 eldritch tentacle segments (WizLab)
  7 plants
  A starspawn tentacle (WizLab)
  12 starspawn tentacle segments (WizLab)
2075 creatures vanquished.

Grand Total: 5479 creatures vanquished

Notes
Turn   | Place    | Note
--------------------------------------------------------------
     0 | D:1      | Chiseanne, the Vine Stalker Monk, began the quest for the Orb.
     0 | D:1      | Reached XP level 1. HP: 11/11 MP: 1/1
     2 | D:1      | Noticed a vine stalker
     2 | D:1      | Noticed a merfolk
     4 | D:1      | Noticed a felid
     4 | D:1      | Noticed a troll
     6 | D:1      | Noticed an elf
     8 | D:1      | Noticed a spriggan
     8 | D:1      | Noticed a formicid
    12 | D:1      | Noticed a gargoyle
    14 | D:1      | Noticed a vampire
    14 | D:1      | Noticed a minotaur
    16 | D:1      | Noticed a tengu
    18 | D:1      | Noticed a demigod
    18 | D:1      | Noticed a naga
    20 | D:1      | Noticed a draconian
    20 | D:1      | Noticed a demonspawn
    22 | D:1      | Noticed a ghoul
    22 | D:1      | Noticed a human
    24 | D:1      | Noticed a centaur
    24 | D:1      | Noticed a dwarf
    26 | D:1      | Noticed an ogre
    26 | D:1      | Noticed an octopode
   224 | D:1      | Reached XP level 2. HP: 14/16 MP: 3/3
   742 | D:2      | Reached XP level 3. HP: 15/20 MP: 4/4
   840 | D:2      | Found a glowing silver altar of Zin.
  1159 | D:2      | Reached XP level 4. HP: 21/24 MP: 5/5
  1164 | D:2      | Found an ancient bone altar of Kikubaaqudgha.
  1165 | D:2      | Found a bloodstained altar of Trog.
  1166 | D:2      | Found a blossoming altar of Fedhas.
  1448 | D:3      | Found a basalt altar of Yredelemnul.
  1607 | D:3      | Reached skill level 1 in Armour
  1607 | D:3      | Reached skill level 5 in Unarmed Combat
  1607 | D:3      | Reached XP level 5. HP: 25/28 MP: 7/7
  1989 | D:3      | Found a sacrificial altar of Ru.
  2179 | D:3      | Noticed Natasha
  2193 | D:3      | Killed Natasha
  2379 | D:4      | Gained mutation: You heal very quickly. [vine stalker growth]
  2379 | D:4      | Reached XP level 6. HP: 33/33 MP: 8/8
  2390 | D:4      | Noticed Sigmund
  2406 | D:4      | Killed Sigmund
  2449 | D:4      | Noticed an ogre
  2460 | D:4      | Killed an ogre
  2487 | D:4      | Noticed an ogre
  2500 | D:4      | Killed an ogre
  2500 | D:4      | Reached XP level 7. HP: 16/37 MP: 9/9
  2654 | D:4      | Found a basalt altar of Yredelemnul.
  3122 | D:5      | Entered Level 5 of the Dungeon
  3199 | D:5      | Reached skill level 6 in Unarmed Combat
  3804 | D:5      | Found a glowing drain.
  3822 | D:5      | Gained mutation: You have razor-sharp teeth. [vine stalker growth]
  3822 | D:5      | Reached XP level 8. HP: 42/42 MP: 11/11
  3852 | Sewer    | Entered a sewer
  3904 | Sewer    | Reached skill level 5 in Fighting
  4236 | Sewer    | Got a jewelled leather armour
  4271 | Sewer    | Identified the +3 leather armour "Noamuseil" {MR+ Int+4 Stlth+} (You found it in a sewer)
  4667 | D:6      | Reached skill level 5 in Dodging
  4838 | D:6      | Noticed Edmund
  4934 | D:6      | Killed Edmund
  5364 | D:6      | Reached skill level 7 in Unarmed Combat
  5427 | D:6      | Reached XP level 9. HP: 45/47 MP: 12/12
  6069 | D:7      | Noticed Joseph
  6135 | D:7      | Killed Joseph
  6417 | D:7      | Found a staircase to the Ecumenical Temple.
  6436 | Temple   | Entered the Ecumenical Temple
  6508 | Temple   | Became a worshipper of Gozag Ym Sagoz the Greedy
  6917 | D:7      | Found a burning altar of Makhleb.
  7126 | D:8      | Noticed Prince Ribbit
  7142 | D:8      | Killed Prince Ribbit
  7142 | D:8      | Reached skill level 8 in Unarmed Combat
  7315 | D:8      | Reached XP level 10. HP: 53/53 MP: 13/13
  7343 | D:8      | Noticed Maurice
  7561 | D:8      | Killed Maurice
  8193 | D:9      | Reached skill level 5 in Armour
  8434 | D:9      | Reached skill level 9 in Unarmed Combat
  8803 | D:9      | Got a pitted chain mail
  8818 | D:9      | Identified the cursed -3 chain mail "Kayqorik" {+Blink rPois rF- rN+} (You found it on level 9 of the Dungeon)
  9055 | D:9      | Noticed wanderer1's ghost (experienced GrMo)
  9079 | D:9      | Killed wanderer1's ghost
  9441 | D:10     | Entered Level 10 of the Dungeon
  9443 | D:10     | Found Baex's Antique Armour Shop.
  9447 | D:10     | Bought a pair of runed gloves for 126 gold pieces
  9447 | D:10     | Bought a pair of runed boots for 126 gold pieces
  9567 | D:10     | Reached XP level 11. HP: 60/60 MP: 15/15
  9586 | D:10     | Noticed a hill giant
  9596 | D:10     | Killed a hill giant
  9741 | D:10     | Found a staircase to the Lair.
  9935 | D:10     | Reached skill level 10 in Unarmed Combat
 10355 | D:10     | Noticed a hill giant
 10384 | D:10     | Killed a hill giant
 10697 | D:11     | Killed an unseen horror
 10699 | D:11     | Reached skill level 1 in Shields
 10754 | D:11     | Found Ungu's Armour Shoppe.
 10790 | D:11     | Bought the +1 pair of gloves of Saykh {-Cast rF+ Dex+4} for 398 gold pieces
 11298 | D:12     | Reached skill level 11 in Unarmed Combat
 11415 | D:12     | Gained mutation: You regenerate. [vine stalker growth]
 11415 | D:12     | Reached XP level 12. HP: 62/65 MP: 14/16
 11599 | D:12     | Found a staircase to the Orcish Mines.
 11733 | D:12     | Found a shimmering altar of Xom.
 11842 | D:12     | Noticed Erolcha
 11853 | D:12     | Killed Erolcha
 12669 | D:11     | Bought the +2 hat of the Bear Spirit {Spirit, +Rage rN+ MR++} for 593 gold pieces
 12856 | D:12     | Reached skill level 1 in Evocations
 13336 | D:13     | Noticed Donald
 13377 | D:13     | Reached skill level 10 in Fighting
 13405 | D:13     | Killed Donald
 13643 | D:13     | Found a gate to the Vaults.
 13699 | D:13     | Reached XP level 13. HP: 72/72 MP: 21/21
 13871 | D:13     | Reached skill level 5 in Shields
 14716 | D:14     | Noticed Sonja
 14725 | D:14     | Killed Sonja
 15494 | D:15     | Entered Level 15 of the Dungeon
 15789 | D:15     | Reached skill level 12 in Fighting
 16115 | D:10     | Bought a shiny troll leather armour for 420 gold pieces
 16438 | D:15     | Reached XP level 14. HP: 80/80 MP: 24/24
 17247 | D:15     | Found a staircase to the Depths.
 17591 | D:12     | Reached skill level 5 in Evocations
 17623 | Orc:1    | Entered Level 1 of the Orcish Mines
 17623 | Orc:1    | Found a roughly hewn altar of Beogh.
 17921 | Orc:1    | Noticed Blork the orc
 17933 | Orc:1    | Killed Blork the orc
 18240 | Orc:2    | Found Samoull's General Store.
 18256 | Orc:2    | Bought a potion of curing for 33 gold pieces
 18256 | Orc:2    | Bought a scroll of identify for 22 gold pieces
 18256 | Orc:2    | Bought a scroll of identify for 22 gold pieces
 18889 | Orc:3    | Found Gynis Fau's Weapon Emporium.
 18918 | Orc:3    | Found a staircase to the Elven Halls.
 18976 | Orc:3    | Found a roughly hewn altar of Beogh.
 19470 | Orc:4    | Entered Level 4 of the Orcish Mines
 20091 | Orc:4    | Noticed an orc warlord
 20116 | Orc:4    | Killed an orc warlord
 20116 | Orc:4    | Reached skill level 13 in Fighting
 20145 | Orc:4    | Found a roughly hewn altar of Beogh.
 20450 | Orc:4    | Reached skill level 10 in Shields
 20500 | Orc:4    | Found Ekeeb's Distillery.
 20526 | Orc:4    | Bought a potion of berserk rage for 85 gold pieces
 20526 | Orc:4    | Bought a potion of might for 68 gold pieces
 20526 | Orc:4    | Bought a potion of resistance for 170 gold pieces
 20526 | Orc:4    | Bought a potion of restore abilities for 85 gold pieces
 20526 | Orc:4    | Bought a potion of restore abilities for 85 gold pieces
 20526 | Orc:4    | Bought 2 potions of might for 136 gold pieces
 20526 | Orc:4    | Bought a potion of cancellation for 136 gold pieces
 20526 | Orc:4    | Bought a potion of cancellation for 136 gold pieces
 20535 | Orc:4    | Found a roughly hewn altar of Beogh.
 20569 | Orc:4    | Found Unyi's Magic Scroll Shop.
 20607 | Orc:4    | Bought a scroll of summoning for 171 gold pieces
 20607 | Orc:4    | Bought a scroll of identify for 36 gold pieces
 20607 | Orc:4    | Bought a scroll of teleportation for 54 gold pieces
 20607 | Orc:4    | Bought a scroll of remove curse for 54 gold pieces
 20607 | Orc:4    | Bought a scroll of identify for 36 gold pieces
 20607 | Orc:4    | Bought a scroll of identify for 36 gold pieces
 20607 | Orc:4    | Bought a scroll of fog for 36 gold pieces
 20607 | Orc:4    | Bought a scroll of blinking for 135 gold pieces
 20607 | Orc:4    | Bought a scroll of identify for 36 gold pieces
 20607 | Orc:4    | Bought a scroll of remove curse for 54 gold pieces
 20609 | Orc:4    | Bought a scroll of amnesia for 63 gold pieces
 20910 | Orc:4    | Found Getisil's Distillery.
 20946 | Orc:4    | Bought a potion of mutation for 37 gold pieces
 20946 | Orc:4    | Bought a potion of might for 60 gold pieces
 20946 | Orc:4    | Bought a potion of curing for 45 gold pieces
 20946 | Orc:4    | Bought a potion of magic for 120 gold pieces
 20946 | Orc:4    | Bought a potion of curing for 45 gold pieces
 21068 | Orc:4    | Reached XP level 15. HP: 86/86 MP: 26/26
 21312 | Orc:4    | Found Raucac's Gadget Boutique.
 21536 | Orc:4    | Noticed Nergalle
 21546 | Orc:4    | Killed Nergalle
 22477 | Lair:1   | Entered Level 1 of the Lair of Beasts
 23734 | Lair:2   | Noticed Erica
 23745 | Lair:2   | Killed Erica
 24348 | Lair:3   | Found a staircase to the Shoals.
 24419 | Lair:3   | Found a hole to the Spider Nest.
 25929 | Lair:5   | Got a bloodstained demon trident
 25930 | Lair:5   | Identified the +2 demon trident "Pendulum" {pain, rF- rC+ MR++} (You found it on level 5 of the Lair of Beasts)
 26295 | Lair:6   | Noticed Fannar
 26312 | Lair:6   | Killed Fannar
 27393 | Lair:7   | Reached XP level 16. HP: 43/92 MP: 21/27
 27563 | Lair:7   | Got a warped ring mail
 27599 | Lair:7   | Identified the cursed +0 ring mail "Ishrocie" {rPois MR- rCorr Dex+3 Stlth-} (You found it on level 7 of the Lair of Beasts)
 27746 | Lair:7   | Found a white marble altar of Elyvilon.
 28218 | Lair:8   | Entered Level 8 of the Lair of Beasts
 28237 | Lair:8   | Found a staircase to the Slime Pits.
 28799 | Lair:8   | Reached skill level 14 in Fighting
 29943 | Spider:1 | Entered Level 1 of the Spider Nest
 32637 | Spider:4 | Reached XP level 17. HP: 98/98 MP: 28/28
 32677 | Spider:5 | Entered Level 5 of the Spider Nest
 32948 | Spider:5 | Noticed Louise
 32974 | Spider:5 | Killed Louise
 33264 | Spider:5 | Noticed Aizul
 33296 | Spider:5 | Killed Aizul
 34213 | Spider:5 | Got a gossamer rune of Zot
 34643 | Vaults:1 | Entered Level 1 of the Vaults
 34643 | Vaults:1 | Found Fragazel's Armour Emporium.
 35184 | Vaults:1 | Reached skill level 15 in Fighting
 35235 | Vaults:1 | Reached skill level 15 in Unarmed Combat
 35285 | Vaults:1 | Reached skill level 15 in Shields
 35512 | Vaults:1 | Reached XP level 18. HP: 104/104 MP: 29/29
 36414 | Vaults:2 | Noticed Boris
 36456 | Vaults:2 | Killed Boris
 36695 | Vaults:2 | Reached skill level 10 in Dodging
 36993 | Vaults:2 | Reached skill level 10 in Armour
 37396 | Vaults:2 | Got a smoking ring mail
 37567 | Vaults:2 | Found Adirrora's Jewellery Shop.
 37577 | Vaults:2 | Bought a +3 ring of slaying for 495 gold pieces
 37577 | Vaults:2 | Bought the ring of the Magpie {-Tele rF+ Str+4 Slay+5} for 613 gold pieces
 37577 | Vaults:2 | Bought the ring "Ghodyno" {rPois Int-2 Dex+2 SInv} for 288 gold pieces
 38082 | Vaults:3 | Found Buty's Antique Armour Shoppe.
 38086 | Vaults:3 | Bought the +2 pair of boots of the Assassin {Stlth++} for 1111 gold pieces
 38113 | Vaults:2 | Identified the cursed +0 ring mail "Ganleor" {Regen+ Dex+4} (You found it on level 2 of the Vaults)
 38168 | Vaults:3 | Reached skill level 16 in Shields
 38268 | Vaults:3 | Found a staircase to the Crypt.
 38345 | Vaults:3 | Noticed a Brimstone Fiend
 38369 | Vaults:3 | Reached XP level 19. HP: 108/108 MP: 29/29
 38616 | Vaults:3 | Noticed Boris
 38754 | Vaults:4 | Found Litziore's Distillery.
 38852 | Vaults:4 | Reached skill level 17 in Shields
 38870 | Vaults:4 | HP: 2/108 [yaktaur[a vault warden] (13)]
 39323 | Vaults:3 | HP: 4/108 [Boris/bolt of cold (30)]
 39646 | Vaults:4 | Noticed Margery
 39668 | Vaults:4 | Killed Margery
 40272 | Vaults:4 | Bought a potion of cancellation for 184 gold pieces
 40272 | Vaults:4 | Bought a potion of invisibility for 184 gold pieces
 40272 | Vaults:4 | Bought 2 potions of mutation for 115 gold pieces
 40272 | Vaults:4 | Bought a potion of restore abilities for 115 gold pieces
 40272 | Vaults:4 | Bought a potion of resistance for 230 gold pieces
 40272 | Vaults:4 | Bought a potion of invisibility for 184 gold pieces
 40272 | Vaults:4 | Bought a potion of agility for 92 gold pieces
 40963 | Vaults:3 | Reached XP level 20. HP: 73/113 MP: 30/30
 40966 | Vaults:3 | Noticed Sojobo
 40980 | Vaults:3 | Killed Sojobo
 41207 | Vaults:3 | Reached skill level 18 in Shields
 41472 | Vaults:3 | Noticed Saint Roka
 41484 | Vaults:3 | Killed Saint Roka
 41958 | Lair:1   | Learned a level 1 spell: Apportation
 41960 | Lair:1   | Learned a level 1 spell: Infusion
 41963 | Lair:1   | Learned a level 2 spell: Blink
 41966 | Lair:1   | Learned a level 2 spell: Shroud of Golubria
 41969 | Lair:1   | Learned a level 2 spell: Song of Slaying
 41973 | Lair:1   | Learned a level 3 spell: Regeneration
 42281 | Elf:1    | Entered Level 1 of the Elven Halls
 42516 | Elf:1    | Noticed Nessos
 42688 | Elf:1    | Identified the Volume of Combat Magic
 42766 | Elf:1    | Killed Nessos
 43012 | Elf:1    | Noticed Rupert
 43021 | Elf:1    | Killed Rupert
 43326 | Elf:1    | You fall through a shaft!
 43333 | Elf:2    | Found a huge runed gate.
 43333 | Elf:2    | Found a huge runed gate.
 43333 | Elf:2    | Found a huge runed gate.
 43334 | Elf:2    | Found a huge runed gate.
 43340 | Elf:2    | Found a huge runed gate.
 43583 | Elf:2    | Found Hufau's Armour Emporium.
 44394 | Elf:3    | Entered Level 3 of the Elven Halls
 44673 | Elf:3    | Noticed Snorg
 44693 | Elf:3    | Killed Snorg
 45204 | Elf:3    | Reached skill level 19 in Shields
 45245 | Elf:3    | Noticed Kirke
 45249 | Elf:3    | Reached XP level 21. HP: 94/117 MP: 31/31
 45265 | Elf:3    | Killed Kirke
 45289 | Elf:3    | Killed the ghostly Kirke
 45623 | Elf:3    | Got a coiled bronze ring
 45916 | Elf:3    | Got a smoking granite ring
 46041 | Elf:3    | Identified the ring "Shaj" {rElec rF+ MP+9 Dex+3 Slay+3} (You took it off a deep elf annihilator on level 3 of the Elven Halls)
 46043 | Elf:3    | Identified the ring of Blymil {+Fly rC+ MP+9 Str+4 Int-3 Dex-5} (You took it off a deep elf blademaster on level 3 of the Elven Halls)
 46204 | Elf:3    | Reached skill level 15 in Dodging
 46319 | Elf:3    | Identified the Volume of the Glacier
 47287 | Vaults:3 | Bought a faintly glowing plate armour for 1148 gold pieces
 47298 | Vaults:3 | Identified the +9 plate armour of Cowardice {Str+2} (You bought it in a shop on level 3 of the Vaults)
 47342 | Crypt:1  | Entered Level 1 of the Crypt
 47455 | Crypt:1  | Found a magical portal.
 47485 | WizLab   | Entered The Roulette of Golubria
 47487 | WizLab   | Found a corrupted altar of Lugonu.
 47540 | WizLab   | Found a corrupted altar of Lugonu.
 48050 | WizLab   | Got a faintly glowing cloak
 48077 | WizLab   | Got a faintly glowing golden ring
 48112 | WizLab   | Got a spiked cloak
 48123 | WizLab   | Identified the +2 cloak "Frac Cha" {Dex+6} (You found it in a wizard's laboratory)
 48133 | WizLab   | Identified the cursed -1 cloak of Restlessness {rElec rPois Dex-2} (You found it in a wizard's laboratory)
 48265 | Crypt:1  | Identified the ring "Secvak" {+cTele rF++} (You found it in a wizard's laboratory)
 48407 | Crypt:1  | Found a huge runed gate.
 48407 | Crypt:1  | Found a huge runed gate.
 48407 | Crypt:1  | Found a huge runed gate.
 48407 | Crypt:1  | Found a huge runed gate.
 48408 | Crypt:1  | Found a huge runed gate.
 48408 | Crypt:1  | Found a huge runed gate.
 48408 | Crypt:1  | Found a huge runed gate.
 48417 | Crypt:1  | Found a huge runed gate.
 48417 | Crypt:1  | Found a huge runed gate.
 48418 | Crypt:1  | Found a huge runed gate.
 48420 | Crypt:1  | Found a huge runed gate.
 48420 | Crypt:1  | Found a huge runed gate.
 48420 | Crypt:1  | Found a huge runed gate.
 48420 | Crypt:1  | Found a huge runed gate.
 48430 | Crypt:1  | Found a huge runed gate.
 48430 | Crypt:1  | Found a huge runed gate.
 48893 | Crypt:1  | Found a huge runed gate.
 48893 | Crypt:1  | Found a huge runed gate.
 48893 | Crypt:1  | Found a huge runed gate.
 48894 | Crypt:1  | Found a huge runed gate.
 48895 | Crypt:1  | Found a huge runed gate.
 48897 | Crypt:1  | Found a huge runed gate.
 48898 | Crypt:1  | Found a huge runed gate.
 48903 | Crypt:1  | Found a huge runed gate.
 48903 | Crypt:1  | Found a huge runed gate.
 48903 | Crypt:1  | Found a huge runed gate.
 48903 | Crypt:1  | Found a huge runed gate.
 49085 | Crypt:1  | Reached XP level 22. HP: 120/122 MP: 31/31
 49342 | Crypt:2  | Found an ancient bone altar of Kikubaaqudgha.
 49766 | Crypt:2  | Learned a level 2 spell: Swiftness
 49770 | Crypt:2  | Learned a level 3 spell: Passwall
 50162 | Crypt:3  | Entered Level 3 of the Crypt
 50468 | Crypt:3  | Noticed Agnes
 50477 | Crypt:3  | Killed Agnes
 51184 | Crypt:3  | Found a staircase to the Tomb.
 51233 | Crypt:3  | Learned a level 3 spell: Inner Flame
 51376 | Crypt:3  | Found an ancient bone altar of Kikubaaqudgha.
 51376 | Crypt:3  | Noticed an ancient lich
 51383 | Crypt:3  | Killed an ancient lich
 51441 | Crypt:3  | Identified the Tome of Black Rites
 51446 | Crypt:3  | Got a sparkling granite ring
 51446 | Crypt:3  | Got a slimy pewter ring
 51450 | Crypt:3  | Identified the ring of Attitude {rN+ Str+2 SInv} (You found it on level 3 of the Crypt)
 51452 | Crypt:3  | Identified the ring "Skeusioro" {+Blink rN+ Str+4} (You found it on level 3 of the Crypt)
 51625 | Crypt:1  | Reached XP level 23. HP: 126/126 MP: 32/32
 52261 | Depths:1 | Entered Level 1 of the Depths
 52261 | Depths:1 | Found Xyamon Stretz's Antique Armour Boutique.
 52263 | Depths:1 | Bought a distressingly furry cloak for 408 gold pieces
 52274 | Depths:1 | Identified the +5 cloak of the Seven of Cups {SInv} (You bought it in a shop on level 1 of the Depths)
 52295 | Depths:1 | Bought a fine robe for 245 gold pieces
 52295 | Depths:1 | Bought a slimy robe for 245 gold pieces
 52295 | Depths:1 | Bought a citrine-encrusted scale mail for 387 gold pieces
 52306 | Depths:1 | Identified the +0 robe of the Hills {+Blink rC+ Int-4 Dex+4 SInv} (You bought it in a shop on level 1 of the Depths)
 52316 | Depths:1 | Identified the +0 robe of the Komtur {rCorr} (You bought it in a shop on level 1 of the Depths)
 52328 | Depths:1 | Identified the cursed +0 scale mail "Dosen" {rPois rC- MP+9 Dex-5 Stlth-} (You bought it in a shop on level 1 of the Depths)
 52358 | Depths:1 | Bought an ichor-stained chain mail for 408 gold pieces
 52358 | Depths:1 | Bought a faintly humming plate armour for 1204 gold pieces
 52372 | Depths:1 | Identified the +2 chain mail of the Morning {-Cast MP+9 Int+3 SInv} (You bought it in a shop on level 1 of the Depths)
 52382 | Depths:1 | Identified the +2 plate armour of Dishonour {rElec rN+ Int-5 SInv} (You bought it in a shop on level 1 of the Depths)
 52649 | Depths:1 | Noticed the Enchantress
 52760 | Depths:1 | Learned a level 2 spell: Cure Poison
 52824 | Depths:1 | Found a one-way gate to the infinite horrors of the Abyss.
 52876 | Depths:1 | Killed the Enchantress
 52893 | Depths:1 | Got a faerie dragon armour
 52961 | Depths:1 | Identified the -1 faerie dragon armour {+Inv rF+ Regen+ Str-4 Stlth+} (You took it off the Enchantress on level 1 of the Depths)
 53429 | Depths:1 | Found a large runed door.
 53430 | Depths:1 | Found a large runed door.
 53574 | Depths:1 | Found a gateway to Hell.
 54183 | Depths:2 | Identified a +2 rod of ignition (14/14) (You took it off a minotaur on level 2 of the Depths)
 54242 | Depths:2 | Reached skill level 20 in Shields
 54715 | Depths:2 | Found a runed door.
 55360 | Depths:2 | Found Atu Buib's Jewellery Shoppe.
 55368 | Depths:2 | Bought an uncursed ring of flight for 262 gold pieces
 55428 | Depths:2 | Reached XP level 24. HP: 118/131 MP: 32/32
 56324 | Depths:2 | Found a gateway to a ziggurat.
 56392 | Depths:2 | Got a brightly glowing platinum amulet
 56395 | Depths:2 | Identified the amulet "Maplosao" {Faith -Tele rElec rC+ Dex+2} (You found it on level 2 of the Depths)
 56701 | Depths:1 | Bought a warped fire dragon armour for 2795 gold pieces
 56719 | Depths:1 | Identified the cursed -2 fire dragon armour "Iguoces" {rElec rF++ rC-} (You bought it in a shop on level 1 of the Depths)
 57293 | Depths:3 | Found Xaots' Armour Emporium.
 57566 | Depths:3 | Reached skill level 21 in Shields
 57826 | Depths:3 | Found a one-way gate leading to the halls of Pandemonium.
 57963 | Depths:3 | Noticed Jorgrun
 57972 | Depths:3 | Killed Jorgrun
 58126 | Depths:3 | Noticed Norris
 58156 | Depths:3 | Killed Norris
 59148 | Depths:1 | Bought a smoking plate armour for 1204 gold pieces
 59159 | Depths:1 | Identified the +10 plate armour of Duty {rC+ MP+9 Str-4 Int+3} (You bought it in a shop on level 1 of the Depths)
 59215 | Depths:4 | Found a portal to a secret trove of treasure.
 59307 | Depths:4 | Noticed Mara
 59312 | Depths:4 | Noticed Chiseanne's illusion
 59345 | Depths:4 | Killed Mara
 59356 | Depths:4 | Killed Mara
 59616 | Depths:4 | Reached XP level 25. HP: 72/135 MP: 33/33
 59711 | Depths:4 | Found Ugudgh's Jewellery Shoppe.
 60408 | Depths:5 | Entered Level 5 of the Depths
 61188 | Depths:5 | Found a gate to the Realm of Zot.
 61706 | Depths:5 | Found a corrupted altar of Lugonu.
 62337 | Shoals:1 | Entered Level 1 of the Shoals
 62740 | Shoals:5 | Entered Level 5 of the Shoals
 62866 | Shoals:5 | Reached skill level 15 in Armour
 62882 | Shoals:5 | Got a barnacled rune of Zot
 63502 | Vaults:5 | Entered Level 5 of the Vaults
 63516 | Vaults:5 | Reached XP level 26. HP: 113/140 MP: 34/34
 63535 | Vaults:5 | Noticed an ancient lich
 63559 | Vaults:5 | Killed an ancient lich
 63712 | Vaults:3 | Killed Boris
 64112 | Vaults:5 | HP: 2/140 [frost giant/bolt of cold (12)]
 64360 | Vaults:5 | Identified a scroll of acquirement
 65430 | Vaults:5 | Gained mutation: Armour fits poorly on your strangely shaped body. [a shining eye]
 65544 | Vaults:5 | Got a silver rune of Zot
 65574 | Vaults:5 | Got a polished hat
 65585 | Vaults:5 | Identified the +3 hat of Sunlight {rPois rC++ rN+ Str+3} (You found it on level 5 of the Vaults)
 65660 | Vaults:5 | Reached XP level 27. HP: 115/144 MP: 34/34
 65815 | Vaults:5 | Got a glittering glass ring
 65821 | Vaults:5 | Identified the ring of Leiphax {Wiz Dex+6} (You took it off a deep elf high priest on level 5 of the Vaults)
 65952 | Vaults:5 | Got a pair of warped boots
 65966 | Vaults:5 | Identified the +0 pair of boots of Eschi {rC+} (You found it on level 5 of the Vaults)
 66388 | Vaults:3 | Bought a blackened crystal plate armour for 3485 gold pieces
 66389 | Vaults:3 | Identified the +0 crystal plate armour of the Beginning {-Cast rN+ SInv Stlth+} (You bought it in a shop on level 3 of the Vaults)
 66701 | Zot:1    | Entered Level 1 of the Realm of Zot
 67383 | Zot:1    | You fall through a shaft!
 67392 | Zot:1    | Learned a level 2 spell: Repel Missiles
 67396 | Zot:1    | Learned a level 3 spell: Flight
 67803 | Zot:2    | Got a spiked large shield
 67814 | Zot:2    | Identified the +3 large shield of an ossuary {Int+4} (You acquired it on level 2 of the Realm of Zot)
 67827 | Zot:2    | Got a dazzling helmet
 67838 | Zot:2    | Identified the +0 helmet of the Peculiar Seas {Str+2} (You acquired it on level 2 of the Realm of Zot)
 68351 | Zot:2    | Noticed an orb of fire
 68351 | Zot:2    | Gained mutation: You expend magic power (3 MP) to slightly strengthen your wands. [an orb of fire]
 68365 | Zot:2    | Gained mutation: You have a pair of small antennae on your head. [an orb of fire]
 68376 | Zot:2    | Killed an orb of fire
 68481 | Zot:3    | Got a steaming ring mail
 68482 | Zot:3    | Identified the cursed -3 ring mail of Fun {-Tele Int+5} (You found it on level 3 of the Realm of Zot)
 70254 | Zot:5    | Entered Level 5 of the Realm of Zot
 71167 | Lair:1   | Gained mutation: Your flesh is heat resistant. [potion of mutation]
 71167 | Lair:1   | Gained mutation: You are resistant to hostile enchantments. [potion of mutation]
 71168 | Lair:1   | Gained mutation: You have sharp toenails. [potion of mutation]
 71168 | Lair:1   | Gained mutation: Your mind is acute. (Int +2) [potion of mutation]
 71171 | Lair:1   | Lost mutation: Armour fits poorly on your strangely shaped body. [potion of mutation]
 71171 | Lair:1   | Gained mutation: You have difficulty communicating with the divine. [potion of mutation]
 71171 | Lair:1   | Lost mutation: You have a pair of small antennae on your head. [potion of mutation]
 71172 | Lair:1   | Gained mutation: You possess an exceptional clarity of mind. [potion of mutation]
 71172 | Lair:1   | Gained mutation: You are partially covered in rough black scales (AC +4, Dex -1). [potion of mutation]
 71173 | Lair:1   | Lost mutation: Your flesh is heat resistant. [potion of mutation]
 71173 | Lair:1   | Gained mutation: You expend magic power (6 MP) to strengthen your wands. [potion of mutation]
 71173 | Lair:1   | Lost mutation: Your mind is acute. (Int +2) [potion of mutation]
 71174 | Lair:1   | Lost mutation: You have difficulty communicating with the divine. [potion of mutation]
 71420 | Slime:1  | Entered Level 1 of the Pits of Slime
 72382 | Slime:6  | Entered Level 6 of the Pits of Slime
 72801 | Slime:5  | Gained mutation: You have sharp fingernails. [a shining eye]
 72999 | Slime:6  | Reached skill level 22 in Armour
 73141 | Slime:6  | Found a viscous altar of Jiyva.
 73144 | Slime:6  | Noticed the royal jelly
 73183 | Slime:6  | your royal jelly (ally) was killed
 73183 | Slime:6  | Your ally died
 73246 | Slime:6  | Killed the royal jelly
 73578 | Slime:6  | Got a slimy rune of Zot
 73664 | Slime:6  | Identified a cursed +3 rod of destruction (12/12) (You found it on level 6 of the Pits of Slime)
 74190 | Vaults:1 | Bought a +0 pair of gloves of dexterity for 184 gold pieces
 74712 | Temple   | Fell from the grace of Gozag
 74712 | Temple   | Became a worshipper of the Shining One
 75354 | Crypt:3  | Reached skill level 1 in Spellcasting
 75450 | Crypt:3  | Identified a +2 rod of shadows (13/13) (You found it on level 3 of the Crypt)
 75479 | Crypt:3  | Identified a +8 rod of clouds (9/9) (You found it on level 3 of the Crypt)
 75965 | Lair:1   | Learned a level 2 spell: Stoneskin
 75970 | Lair:1   | Learned a level 4 spell: Control Teleport
 76297 | Hell     | Entered the Vestibule of Hell
 76297 | Hell     | Noticed Geryon
 76297 | Hell     | Acquired the Shining One's first power
 76322 | Hell     | Killed Geryon
 76465 | Depths:4 | You paid a toll of the horn of Geryon to enter a treasure trove
 76466 | Trove    | Entered a treasure trove
 76472 | Trove    | Got a heavily runed turquoise ring
 76474 | Trove    | Got a twitching ivory ring
 76481 | Trove    | Got a faintly glowing iron ring
 76483 | Trove    | Got a steaming wooden ring
 76487 | Trove    | Got a steaming tin ring
 76499 | Trove    | Got a vibrating bone amulet
 76500 | Trove    | Identified the amulet of Fallacy {Clar -Cast rPois rN+} (You found it in a treasure trove)
 76506 | Trove    | Identified the ring "Twealiem" {SustAb MR+} (You found it in a treasure trove)
 76508 | Trove    | Identified the ring of the Country {rF++ MP+9 Stlth-} (You found it in a treasure trove)
 76509 | Trove    | Identified the ring of Wyickysu {Ice rPois Str+2 Dex-4} (You found it in a treasure trove)
 76514 | Trove    | Identified the ring "Kimneo" {-Tele rC+ Str+4 Int+5 Stlth+} (You found it in a treasure trove)
 76516 | Trove    | Identified the ring of Secrets {rPois Str+6} (You found it in a treasure trove)
 76577 | Hell     | Acquired the Shining One's second power
 76595 | Hell     | Reached skill level 1 in Invocations
 76615 | Hell     | Found a gateway to the ashen valley of Gehenna.
 76690 | Hell     | Found a gateway to the Iron City of Dis.
 76762 | Hell     | Found a gateway to the freezing wastes of Cocytus.
 76874 | Hell     | Found a gateway to the decaying netherworld of Tartarus.
 76874 | Hell     | Acquired the Shining One's third power
 76889 | Hell     | Reached skill level 5 in Invocations
 77011 | Dis:1    | Entered Level 1 of the Iron City of Dis
 77060 | Dis:1    | Acquired the Shining One's fourth power
 77797 | Dis:7    | Entered Level 7 of the Iron City of Dis
 77972 | Dis:7    | Gained mutation: You are frail (-10% HP). [a cacodemon]
 78002 | Dis:7    | Reached skill level 10 in Invocations
 78135 | Dis:7    | Lost mutation: You expend magic power (6 MP) to strengthen your wands. [a cacodemon]
 78142 | Dis:7    | Gained mutation: You are weak. (Str -2) [a cacodemon]
 78157 | Dis:7    | Noticed the Serpent of Hell
 78178 | Dis:7    | HP: 3/129 [iron dragon/spray of metal splinters[the Serpent of Hell] (15)]
 78179 | Dis:7    | HP: 1/129 [the Serpent of Hell (3)]
 78376 | Dis:7    | Gained mutation: Scrolls take you a little longer to read. [a cacodemon]
 79151 | Dis:7    | Killed the Serpent of Hell
 79487 | Dis:7    | Noticed Dispater
 79519 | Dis:7    | The Shining One protects you from harm!
 79520 | Dis:7    | Killed from afar by a Hell Sentinel

Action                   |  1- 3 |  4- 6 |  7- 9 | 10-12 | 13-15 | 16-18 | 19-21 | 22-24 | 25-27 || total
-------------------------+-------+-------+-------+-------+-------+-------+-------+-------+-------++-------
Melee: Unarmed           |   112 |   163 |   557 |   766 |  2379 |  1773 |  1456 |  1633 |  2971 || 11810
       Lance             |       |       |       |       |    14 |    17 |     5 |    86 |    20 ||   142
 Fire: Blowgun           |       |       |    39 |    83 |   153 |   156 |    50 |    16 |     2 ||   499
Throw: Javelin           |       |     1 |    50 |    26 |     2 |     7 |       |       |       ||    86
       Tomahawk          |       |       |     2 |     9 |    22 |       |       |       |       ||    33
Invok: Call Merchant     |       |       |       |     2 |     6 |     2 |       |       |     1 ||    11
       Potion Petition   |       |       |       |       |       |     3 |       |       |       ||     3
       Cleansing Flame   |       |       |       |       |       |       |       |       |    12 ||    12
       Summon Divine War |       |       |       |       |       |       |       |       |     8 ||     8
       Divine Shield     |       |       |       |       |       |       |       |       |     7 ||     7
 Abil: Evoke Flight      |       |       |       |       |     1 |       |       |     1 |       ||     2
       Stop Flying       |       |       |       |       |     1 |       |       |       |       ||     1
       Evoke Blink       |       |       |       |       |       |       |       |     6 |       ||     6
Evoke: Wand              |       |       |     2 |    15 |    18 |    20 |    14 |    12 |     9 ||    90
       Sack of spiders   |       |       |       |     1 |     8 |       |       |       |     7 ||    16
       Fan of gales      |       |       |       |       |     2 |     1 |     3 |     1 |     3 ||    10
       Phantom mirror    |       |       |       |       |       |     1 |       |       |     3 ||     4
       Box of beasts     |       |       |       |       |       |       |     4 |     6 |       ||    10
       Lamp of fire      |       |       |       |       |       |       |       |     4 |     5 ||     9
       Phial of floods   |       |       |       |       |       |       |       |       |     2 ||     2
  Use: Scroll            |     5 |     7 |     6 |    18 |     8 |    12 |    29 |    13 |    52 ||   150
       Potion            |       |     1 |     2 |     5 |     7 |    11 |     9 |    10 |    17 ||    62
 Stab: Sleeping          |     1 |       |    11 |    17 |    26 |     2 |    16 |    24 |    13 ||   110
       Distracted        |       |       |       |     2 |    25 |    20 |     7 |    19 |    17 ||    90
       Fleeing           |       |       |       |       |       |     2 |       |       |       ||     2
       Invisible         |       |       |       |       |       |    14 |     6 |     1 |     1 ||    22
  Eat: Chunk             |     1 |     4 |    12 |       |       |       |       |       |     4 ||    21
       Fruit             |       |       |    11 |    18 |    15 |     9 |     1 |     4 |     4 ||    62
       Beef jerky        |       |       |     1 |     1 |     2 |     3 |     1 |     1 |     7 ||    16
       Pizza             |       |       |       |     1 |     1 |     1 |     1 |       |     2 ||     6
       Bread ration      |       |       |       |       |     8 |     3 |     7 |     6 |    12 ||    36
       Royal jelly       |       |       |       |       |     1 |     1 |       |     2 |       ||     4
       Meat ration       |       |       |       |       |       |     1 |     1 |       |       ||     2
